 Dungeon Crawl Stone Soup version 0.28.0-53-g5a82cb258f (webtiles) character file.

Game seed: 6774122745663853923

7 gobodom the Magician (level 1, 0/13 HPs)
             Began as a Demonspawn Hedge Wizard on June 19, 2022.
             Slain by a bat (1 damage)
             ... on level 1 of the Dungeon.
             The game lasted 00:00:57 (164 turns).

gobodom the Magician (Demonspawn Hedge Wizard)       Turns: 164, Time: 00:00:58

Health: 0/13       AC:  2    Str: 10    XL:     1   Next: 83%
Magic:  2/4        EV: 12    Int: 15    God:
Gold:   0          SH:  0    Dex: 12    Spells: 5/6 levels left

rFire   . . .      SeeInvis .   a - +0 dagger
rCold   . . .      Faith    .   (no shield)
rNeg    . . .      Spirit   .   b - +0 robe
rPois   .          Reflect  .   c - +0 hat
rElec   .          Harm     .   (no cloak)
rCorr   .          Rampage  .   (no gloves)
Will    .....                   (no boots)
Stlth   ++........              (no amulet)
HPRegen 0.04/turn               (no ring)
MPRegen 0.09/turn               (no ring)

@: no status effects
A: no striking features
a: no special abilities


You were on level 1 of the Dungeon.
You visited 1 branch of the dungeon, and saw 1 of its levels.

Inventory:

Hand Weapons
 a - a +0 dagger (weapon)
Armour
 b - a +0 robe (worn)
 c - a +0 hat (worn)


   Skills:
 + Level 2.0 Dodging
 + Level 1.9 Stealth
 + Level 3.1 Spellcasting
 + Level 1.0 Conjurations
 + Level 1.0 Summonings
 + Level 0.8 Translocations


You had 5 spell levels left.
You knew the following spells:

 Your Spells              Type           Power      Damage    Failure   Level
a - Magic Dart            Conj           20%        1d4       13%         1

Your spell library contained the following spells:

 Spells                   Type           Power      Damage    Failure   Level
 Slow                     Hex            8%         N/A       21%         1
 Call Imp                 Summ           5%         N/A       21%         2
 Blink                    Tloc           8%         N/A       22%         2
 Conjure Flame            Conj/Fire      3%         6-21      43%         3
 Mephitic Cloud           Conj/Pois/Air  3%         N/A       45%         3


Dungeon Overview and Level Annotations

Branches:
Dungeon (1/15)

Altars:


Message History

The giant cockroach bites you.
You are too depleted to draw on your mana recklessly!
You hit the giant cockroach.
The giant cockroach is severely wounded.
The giant cockroach closely misses you.
You hit the giant cockroach but do no damage.
The giant cockroach is severely wounded.
The giant cockroach barely misses you.
You hit the giant cockroach.
You kill the giant cockroach!
Found 17 stones.
Your magical contamination has completely faded away.
The kobold shouts!
You hear a shout!
A quokka comes into view.
The kobold throws a stone.
The stone closely misses you.
A kobold comes into view. It is wielding a +0 short sword.
Found a ring mail.
A bat comes into view.
The kobold throws a stone.
The stone hits you but does no damage.
You see here 9 arrows.
You hit the quokka.
The quokka is heavily wounded.
The quokka bites you.
The magic dart hits the quokka.
The quokka is almost dead.
The quokka misses you.
You hit the quokka but do no damage.
The quokka is almost dead.
The quokka bites you.
You closely miss the quokka.
The quokka is almost dead.
The quokka bites you.
* * * LOW HITPOINT WARNING * * *
The kobold closely misses you. The quokka bites you.
* * * LOW HITPOINT WARNING * * *
A bat comes into view.
The bat misses you. The bat barely misses you. x2
The bat hits you but does no damage. The bat hits you.
You die...

# #......... #####.#
.......... #.....#
.......... #..#..#
.......... #.....#
......... ......#
....... .#######b#...#
.#..### .......@.....#
......###########.##..#
..†.#.(......K.rK.#
..#.#.#...#########
#.#.#.#.#.........
##########..#####
.#.#.#.#†#.##
...#.#.#...#
#....#...#.#


You could see a bat.

Vanquished Creatures
  5 giant cockroaches (D:1)
5 creatures vanquished.

Notes
Turn   | Place    | Note
-------+----------+-------------------------------------------
     0 | D:1      | gobodom the Demonspawn Hedge Wizard began the quest for the
                  | Orb.
     0 | D:1      | Reached XP level 1. HP: 13/13 MP: 4/4
   164 | D:1      | Slain by a bat

Illustrated notes

Levels and vault maps discovered:
D:1:      eino_arrival_tree_alley, layout_basic, shapermc_ecumenical_altar_gd,
          corexii_leaking_fountain, minmay_worlds_worst_comb

Skill      XL: |  1 |
---------------+----+-----
Dodging        | 2 |  2.0
Stealth        | |  1.9
Spellcasting   | |  3.1
Conjurations   | |  1.0
Summonings     | |  1.0
Translocations | |  0.8

Action                   || total
-------------------------++-------
Melee: Dagger            ||    24
 Cast: Magic Dart        ||     8
 Stab: Sleeping          ||     1
Armor: Robe              ||     5
Dodge: Dodged            ||    25
